 Dungeon Crawl Stone Soup version 0.28.0-43-g3370ac3207 (webtiles) character file.

Game seed: 11071377587789044050

26 protoss039 the Digger (level 2, -1/15 HPs)
             Began as a Deep Elf Earth Elementalist on Mar 7, 2022.
             Frozen to death by an endoplasm (4 damage)
             ... on level 1 of the Dungeon.
             The game lasted 00:01:35 (826 turns).

protoss039 the Digger (Deep Elf Earth Elementalist)  Turns: 826, Time: 00:01:36

Health: -1/15      AC:  2    Str:  5    XL:     2   Next: 89%
Magic:  8/8        EV: 12    Int: 19    God:
Gold:   50         SH:  0    Dex: 15    Spells: 7/8 levels left

rFire   . . .      SeeInvis .   h - +0 dagger
rCold   . . .      Faith    .   (no shield)
rNeg    . . .      Spirit   .   b - +0 robe
rPois   .          Reflect  .   (no helmet)
rElec   .          Harm     .   (no cloak)
rCorr   .          Rampage  .   (no gloves)
Will    .....                   (no boots)
Stlth   ++........              (no amulet)
HPRegen 0.05/turn               (no ring)
MPRegen 0.11/turn               (no ring)

@: no status effects
A: no striking features
a: no special abilities


You were on level 1 of the Dungeon.
You visited 1 branch of the dungeon, and saw 1 of its levels.

You collected 50 gold pieces.

Inventory:

Hand Weapons
 h - a +0 dagger (weapon)
Armour
 b - a +0 robe (worn)
Scrolls
 a - a scroll of brand weapon {unknown}
 d - a scroll of magic mapping {unknown}
 e - 2 scrolls of immolation {unknown}
 f - a scroll of identify {unknown}
 g - a scroll of enchant armour {unknown}


   Skills:
 - Level 2.4 Dodging
 - Level 2.4 Stealth
 + Level 3.7 Spellcasting
 + Level 1.4 Transmutations
 + Level 4.0 Earth Magic


You had 7 spell levels left.
You knew the following spells:

 Your Spells              Type           Power      Damage    Failure   Level
a - Sandblast             Erth           36%        2d10      2%          1

Your spell library contained the following spells:

 Spells                   Type           Power      Damage    Failure   Level
 Passwall                 Tmut/Erth      11%        N/A       7%          2
 Stone Arrow              Conj/Erth      22%        3d8       19%         3
 Petrify                  Tmut/Erth      14%        N/A       41%         4


Dungeon Overview and Level Annotations

Branches:
Dungeon (1/15)

Altars:


Message History

Casting: Sandblast (safe; 2% risk of failure)
Confirm with . or Enter, or press ? or * to list all spells.
You don't have any stones to cast with.
Unknown command.
Casting: Sandblast (safe; 2% risk of failure)
Confirm with . or Enter, or press ? or * to list all spells.
You don't have any stones to cast with.
Unknown command.
Casting: Sandblast (safe; 2% risk of failure)
Confirm with . or Enter, or press ? or * to list all spells.
You don't have any stones to cast with.
Unknown command.
Casting: Sandblast (safe; 2% risk of failure)
Confirm with . or Enter, or press ? or * to list all spells.
You don't have any stones to cast with.
Unknown command.
Search for what [? for help]? .
Press: ? - help, v - describe, . - travel
Here: an endoplasm The floor.
Press: ? - help, v - describe, . - travel
Here: an endoplasm The floor.
You hit the endoplasm but do no damage. The endoplasm hits you.
You barely miss the endoplasm.
The endoplasm hits you but does no damage.
You hit the endoplasm but do no damage. The endoplasm misses you.
You hit the endoplasm but do no damage. The endoplasm freezes you.
You are frozen.
You hit the endoplasm.
The endoplasm is moderately wounded.
The endoplasm freezes you.
You are frozen.
* * * LOW HITPOINT WARNING * * *
You hit the endoplasm but do no damage.
The endoplasm is moderately wounded.
The endoplasm freezes you.
You are frozen.
You die...

#####.#.###.................#
.# ........#
#..##################.#
......### #..#
#...hh...........# ......#
#..# #.###########.....
####.## #..# #.# # ##.#### .#
#.# #..# #h# ....####..†###
.###.# #..# #h# #....)†..hh.
.....# #..# #J# ######......
####.######..###@# ##..... #
#.............# #..... #
.........##### #.....
############.# #.....
.......# #.# #..... ######.#
#.# #..?.. ######.#####.#
#..... ..........##.# ####..
##).......##.#####..


You could see an endoplasm and 2 jackals.

Vanquished Creatures
  3 endoplasms (D:1)
  A giant cockroach (D:1)
  4 goblins (D:1)
  A hobgoblin (D:1)
  2 jackals (D:1)
  2 kobolds (D:1)
  A quokka (D:1)
  A ball python (D:1)
  3 bats (D:1)
  3 frilled lizards (D:1)
  3 rats (D:1)
24 creatures vanquished.

Notes
Turn   | Place    | Note
-------+----------+-------------------------------------------
     0 | D:1      | protoss039 the Deep Elf Earth Elementalist began the quest
                  | for the Orb.
     0 | D:1      | Reached XP level 1. HP: 10/10 MP: 6/6
   168 | D:1      | Reached XP level 2. HP: 15/15 MP: 2/8
   709 | D:1      | Reached skill level 4 in Earth Magic
   826 | D:1      | Frozen to death by an endoplasm

Illustrated notes

Levels and vault maps discovered:
D:1:      minmay_arrival_open_corners, layout_loops_ring,
          ebering_ecumenical_altar_abandoned

Skill      XL: |  1  2 |
---------------+-------+-----
Earth Magic    | 4 |  4.0
Dodging        | |  2.4
Stealth        | |  2.4
Spellcasting   | |  3.7
Transmutations | |  1.4

Action                   || total
-------------------------++-------
Melee: Dagger            ||    25
       Unarmed           ||     2
 Cast: Sandblast         ||    30
 Stab: Sleeping          ||     2
Armor: Robe              ||     9
Dodge: Dodged            ||    25
